 Dungeon Crawl Stone Soup version 0.32-a0-30-gefbe487952 (webtiles) character file.

Game seed: 3943870724209405236

91168 tilp the Carver (level 15, -5/117 HPs)
             Began as a Vampire Enchanter on Jan 19, 2024.
             Was the Champion of Wu Jian.
             Killed from afar by Azrael (44 damage)
             ... with a bolt of fire
             ... on level 13 of the Dungeon.
             The game lasted 00:57:47 (26268 turns).

tilp the Carver (Vampire Enchanter)                Turns: 26268, Time: 00:57:48

Health: -5/117     AC: 14    Str:  7    XL:     15   Next: 54%
Magic:  18/26      EV: 22    Int: 24    God:    Wu Jian [******]
Gold:   1034       SH:  6    Dex: 16    Spells: 13/29 levels left

rFire   . . .        a - +4 dagger (elec)
rCold   + . .        U - +2 buckler
rNeg    . . .        D - +0 steam dragon scales
rPois   .            k - +1 helmet
rElec   .            r - +2 cloak {Stlth+}
rCorr   .            (no gloves)
SInv    +            y - +1 pair of boots
Will    +....        w - amulet of regeneration
Stlth   ++++++       W - +5 ring of evasion
HPRegen 1.39/turn    l - ring of protection from cold
MPRegen 0.20/turn

%: no passive effects
@: healing quickly
A: alive, fangs 3, see invisible, vampiric 2
a: Exsanguinate, Renounce Religion, Wall Jump, Serpent's Lash, Heavenly Storm


You were on level 13 of the Dungeon.
You worshipped Wu Jian.
Wu Jian was exalted by your worship.
You visited 3 branches of the dungeon, and saw 20 of its levels.
You also visited: Sewer and Volcano.

You collected 3095 gold pieces.
You spent 2061 gold pieces at shops.

Inventory:

Hand Weapons
 a - a +4 dagger of electrocution (weapon)
 b - a +5 demon blade of draining
 J - a +4 dagger of freezing
 S - a +1 dagger of flaming
Missiles
 n - a javelin
 o - 17 boomerangs
 A - 20 poisoned darts (quivered)
 H - 3 throwing nets
 K - a curare-tipped dart
 T - 5 datura-tipped darts
Armour
 j - an orb of guile
 k - a +1 helmet (worn)
 r - a +2 cloak of stealth (worn)
 y - a +1 pair of boots (worn)
 D - +0 steam dragon scales (worn)
 P - a +1 pair of gloves of infusion
 U - a +2 buckler (worn)
Jewellery
 l - a ring of protection from cold (right hand)
 w - an amulet of regeneration (around neck)
 z - a ring of protection from fire
 L - an amulet of magic regeneration
 M - a ring of flight
 Q - an amulet of reflection
 W - a +5 ring of evasion (left hand)
 X - the ring "Qezech" {*Slow rElec Int+4 Dex+6}
   (You found it on level 11 of the Dungeon)

   [ring of dexterity]

   Int+4:     It affects your intelligence (+4).
   Dex+6:     It affects your dexterity (+6).
   rElec:     It insulates you from electricity.
   *Slow:     It may slow you when you take damage.
Wands
 p - a wand of flame (48)
 v - a wand of mindburst (5)
 C - a wand of quicksilver (22)
 N - a wand of paralysis (9)
 R - a wand of iceblast (6)
 V - a wand of polymorph (4)
Scrolls
 e - 6 scrolls of vulnerability
 q - 3 scrolls of fog
 t - 7 scrolls of revelation
 u - 4 scrolls of fear
 B - 6 scrolls of teleportation
 F - a scroll of blinking
 O - 3 scrolls of poison
 Y - 5 scrolls of identify
Potions
 c - 3 potions of invisibility
 d - 5 potions of heal wounds
 f - 5 potions of enlightenment
 g - 9 potions of curing
 h - 2 potions of magic
 i - 2 potions of ambrosia
 m - 2 potions of haste
 s - a potion of resistance
 x - 2 potions of berserk rage
 G - a potion of lignification
 I - 3 potions of attraction
 Z - 2 potions of mutation
Miscellaneous
 E - a condenser vane


   Skills:
 * Level 10.9 Fighting
 - Level 3.8(10.4) Short Blades
 - Level 13.8(14.0) Long Blades
 + Level 6.6 Armour
 + Level 10.6 Dodging
 + Level 13.1 Stealth
 + Level 7.7 Spellcasting
 - Level 4.0 Conjurations
 + Level 12.9 Hexes
 + Level 4.9 Translocations
 - Level 2.0 Ice Magic
 - Level 2.0 Air Magic
 - Level 4.0 Alchemy
 + Level 5.1 Evocations


You had 13 spell levels left.
You knew the following spells:

 Your Spells              Type           Power      Damage    Failure   Level
a - Ensorcelled Hibernat  Hex/Ice        90%        N/A       1%          2
b - Confusing Touch       Hex            63%        N/A       1%          3
c - Tukima's Dance        Hex            63%        N/A       1%          3
d - Dazzling Flash        Conj/Hex       98%        N/A       1%          3
e - Blink                 Tloc           66%        N/A       2%          2
f - Mephitic Cloud        Conj/Alch/Air  25%        N/A       9%          3

Your spell library contained the following spells:

 Spells                   Type           Power      Damage    Failure   Level
 Magic Dart               Conj           100%       1d8       2%          1
 Sting                    Conj/Alch      100%       1d9       2%          1
 Momentum Strike          Conj/Tloc      60%        3d9       2%          2
 Searing Ray              Conj           56%        2d6       3%          2
 Mercury Vapours          Alch/Air       46%        N/A       4%          2
 Gell's Gravitas          Tloc           33%        N/A       4%          3
 Hailstorm                Conj/Ice       23%        3d7       10%         3
 Summon Small Mammal      Summ           36%        N/A       11%         1
 Volatile Blastmotes      Fire/Tloc      42%        2d13      12%         3
 Silence                  Hex/Air        22%        N/A       14%         5
 Call Imp                 Summ           18%        N/A       17%         2
 Sublimation of Blood     Necr           9%         N/A       17%         2
 Summon Ice Beast         Ice/Summ       14%        N/A       22%         3
 Fulminant Prism          Conj/Alch      14%        3d8       22%         4
 Olgreb's Toxic Radiance  Alch           28%        N/A       22%         4
 Vhi's Electric Charge    Tloc/Air       50%        N/A       26%         4
 Call Canine Familiar     Summ           9%         N/A       32%         3
 Petrify                  Alch/Erth      18%        N/A       43%         4
 Irradiate                Conj/Alch      14%        3d16      52%         5
 Freezing Cloud           Conj/Ice/Air   11%        6-21      71%         5
 Summon Blazeheart Golem  Fire/Summ      9%         N/A       73%         4
 Curse of Agony           Necr           9%         N/A       97%         5
 Sculpt Simulacrum        Ice/Alch       11%        N/A       99%         6
 Starburst                Conj/Fire      9%         6d5       100%        6
 Orb of Destruction       Conj           14%        9d7       100%        7
 Spellforged Servitor     Conj/Summ      9%         N/A       100%        7
 Maxwell's Capacitive Co  Air            9%         ∞         100%        8


Dungeon Overview and Level Annotations

Branches:
Dungeon (13/15)            Temple (0/1) D:5            Lair (5/5) D:9
 Shoals (0/4) Lair:2        Snake (0/4) Lair:3        Slime (0/5) Lair:4
    Orc (2/2) D:12            Elf (0/3) Orc:2        Vaults (0/5) D:13
  Sewer (visited)         Volcano (visited)

Altars:
Cheibriados
Fedhas
Kikubaaqudgha
Makhleb
Ru
Vehumet
Wu Jian
Jiyva

Shops:
D:4 =   D:12 =(!=[?   Orc:2 (=[*[

Annotations:
D:3 dig vault
D:8 3 runed translucent doors, Raspi's ghost, novice FoEE
D:13 Azrael


Innate Abilities, Weirdness & Mutations

Your natural rate of healing is accelerated.
You have razor-sharp teeth.
You have supernaturally acute eyesight. (SInv)
You are afflicted with vampirism and can become a bat while bloodless.


Message History

Your hands begin to glow red.
The hell hound completely misses you. The fire elemental closely misses you.
Unknown command.
You closely miss the hell hound. You block the hell hound's attack.
The fire elemental hits you. The fire elemental burns you!
You hit the hell hound but do no damage.
The hell hound appears confused.
The fire elemental closely misses you.
Unknown command.
Your +4 dagger of electrocution stops crackling.
You sense an unholy aura.
b - a +5 demon blade of draining (weapon)
You block the hell hound's attack.
The hell hound bites itself.
Unknown command.
You hit the fire elemental.
The fire elemental is severely damaged.
The fire elemental completely misses you.
You slice the fire elemental!!
You destroy the fire elemental!
The Council accepts your kill.
The hell hound bites you but does no damage.
Unknown command.
Casting: Confusing Touch (safe; 1% risk of failure)
Confirm with . or Enter, or press ? or * to list all spells.
Aiming: Ensorcelled Hibernation (safe; 1% risk of failure)
Press: ? - help, Shift-Dir - straight line, f - Azrael
Aim: Azrael, wielding a +3 scimitar of flaming (chance to affect: 51%) Azrael looks drowsy...
Unknown command.
You hear the crackle of electricity.
a - a +4 dagger of electrocution (weapon)
The hell hound breathes flames at you.
The blast of flame hits Azrael.
Azrael completely resists.
The blast of flame hits you!
* * * LOW HITPOINT WARNING * * *
Unknown command.
You hit Azrael but do no damage. You bite Azrael, but do no damage.
The hell hound completely misses you. Azrael gestures at you.
The bolt of fire hits you!!!
You die...

....h○......###
.......E........# #
.......h○☼....$.#.#
#..##.#.○☼R........
#..# ##.☼.#.......
..# ###.#.......
#.##...........
#.hRh.........#.##.
##@##....#.......##
###.....#...##....
#..#.###..###....
##..### #...##....
#....####.........
#.....##..........
#........##.......
#.........#.......
#........##.......


You could see Azrael and 2 hell hounds.

Vanquished Creatures
  Donald (Orc:2)
  An orc warlord (Orc:2)
  Fannar (Orc:1)
  Erolcha (D:9)
  3 hydras
  Erica (Lair:2)
  4 catoblepae (Lair:5)
  3 centaur warriors
  A boulder beetle (Lair:5)
  5 two-headed ogres
  3 tengu warriors
  7 death yaks (Lair:5)
  5 orc high priests
  A hell knight (Volcano)
  Nergalle (Orc:1)
  Amaemon (Lair:1)
  Lodul (D:12)
  A deep elf archer (Orc:2)
  A deep elf pyromancer (D:11)
  7 orc knights
  3 orc sorcerers (Orc:2)
  5 manticores
  4 ugly things
  A cyclops (D:13)
  A merfolk siren (Lair:2)
  15 elephants
  2 kobold blastminers (Orc:1)
  A molten gargoyle (D:12)
  5 black mambas
  A torpor snail (Lair:4)
  An orange demon (Lair:1)
  A gargoyle (D:12)
  11 cane toads
  A kobold demonologist (D:9)
  Maggie (D:6)
  5 komodo dragons
  4 rime drakes
  Jeremiah (D:9)
  A yaktaur (Volcano)
  A freezing wraith (D:12)
  A tengu conjurer (D:12)
  8 trolls
  4 polar bears
  Prince Ribbit (D:7)
  A hornet (D:9)
  29 blink frogs
  5 dream sheep (Lair:3)
  6 slime creatures (D:12)
  Sigmund (D:3)
  72 yaks
  2 wraiths (D:12)
  A vampire (D:12)
  Eustachio (D:4)
  A shadow (D:10)
  16 humans
  7 fire bats (Volcano)
  5 wargs
  A basilisk (Lair:3)
  3 fire elementals (D:13)
  7 vampire mosquitoes
  7 wyverns
  Menkaure (D:6)
  5 nagas (Lair:3)
  4 acid dragons
  Duvessa (D:7)
  8 water moccasins
  4 hell hounds
  10 ice beasts
  10 ogres
  37 orc warriors
  16 wolves
  3 centaurs
  A kobold brigand (D:8)
  16 bullfrogs
  Blork the orc (D:5)
  4 scorpions
  7 wights
  Dowan (D:7)
  6 killer bees
  An electric eel (Lair:4)
  2 howler monkeys
  3 lava snakes
  5 hounds
  4 bombardier beetles
  4 jellies
  16 orc priests
  A gnoll bouda (D:6)
  A sleepcap (D:7)
  Crazy Yiuf (D:3)
  4 iguanas
  26 orc wizards
  Natasha (thrice) (D:3)
  Robin (D:3)
  6 gnolls
  9 adders
  2 river rats (D:4)
  3 white imps
  2 ufetubi (D:6)
  5 dart slugs
  4 ribbon worms
  67 orcs
  12 ball pythons
  9 bats
  11 endoplasms
  6 giant cockroaches
  15 goblins
  11 hobgoblins
  6 jackals
  6 kobolds
  9 quokkas
  3 training dummies (D:12)
  5 frilled lizards
  5 rats
696 creatures vanquished.

Vanquished Creatures (collateral kills)
  2 orc warlords (Orc:2)
  An orc warrior (D:12)
  5 wights
  An orc (D:12)
9 creatures vanquished.

Vanquished Creatures (others)
  5 dancing weapons
  An orc wizard (Orc:1)
6 creatures vanquished.

Grand Total: 711 creatures vanquished

Notes
Turn   | Place    | Note
-------+----------+-------------------------------------------
     0 | D:1      | tilp the Vampire Enchanter began the quest for the Orb.
     0 | D:1      | Reached XP level 1. HP: 13/13 MP: 3/3
    33 | D:1      | Found a faded altar of an unknown god.
   284 | D:1      | Reached XP level 2. HP: 20/20 MP: 5/5
   287 | D:1      | Learned a level 2 spell: Ensorcelled Hibernation
   791 | D:1      | Reached skill level 1 in Long Blades
  1117 | D:2      | Gained mutation: You are afflicted with vampirism and can
                  | become a bat while bloodless. [Vampire growth]
  1117 | D:2      | Reached XP level 3. HP: 21/25 MP: 6/6
  1121 | D:2      | Learned a level 3 spell: Confusing Touch
  1143 | D:2      | Reached skill level 1 in Fighting
  1303 | D:2      | Reached XP level 4. HP: 32/32 MP: 2/7
  1423 | D:2      | Identified the flux talisman of Piotz {Dex+3}
  2369 | D:3      | Reached skill level 5 in Stealth
  2379 | D:3      | Reached skill level 1 in Ice Magic
  2379 | D:3      | Reached XP level 5. HP: 38/38 MP: 5/8
  2383 | D:3      | Learned a level 3 spell: Tukima's Dance
  2502 | D:3      | Noticed Natasha
  2508 | D:3      | Killed Natasha
  2509 | D:3      | Reached skill level 5 in Hexes
  2618 | D:3      | Noticed Robin
  2619 | D:3      | Noticed Sigmund
  2884 | D:3      | Killed Robin
  3140 | D:3      | Killed Sigmund
  3141 | D:3      | Reached XP level 6. HP: 46/46 MP: 6/10
  3217 | D:3      | Found a runed translucent door.
  3218 | D:3      | Noticed Crazy Yiuf
  3225 | D:3      | Killed Crazy Yiuf
  3383 | D:3      | Noticed Natasha
  3408 | D:3      | Killed Natasha
  4027 | D:3      | Noticed Natasha
  4034 | D:3      | Killed Natasha
  4035 | D:3      | Reached XP level 7. HP: 45/51 MP: 2/11
  4261 | D:4      | Found Inwido's Jewellery Shoppe.
  4388 | D:4      | Found a glowing drain.
  4392 | Sewer    | Entered a sewer
  5563 | D:4      | Reached skill level 1 in Evocations
  5659 | D:4      | Noticed Eustachio
  5674 | D:4      | Killed Eustachio
  5792 | D:4      | Got Pobbycou's Spellbook of the Retinue and Relocation
  5870 | D:4      | Learned a level 3 spell: Dazzling Flash
  5979 | D:4      | Reached XP level 8. HP: 58/58 MP: 12/12
  6036 | D:4      | Found a radiant altar of Vehumet.
  6041 | D:4      | Found a burning altar of Makhleb.
  6042 | D:4      | Found a sacrificial altar of Ru.
  6043 | D:4      | Found a snail-covered altar of Cheibriados.
  6043 | D:4      | Found a blossoming altar of Fedhas.
  6045 | D:4      | Found an ancient bone altar of Kikubaaqudgha.
  6228 | D:4      | Identified a scroll of acquirement
  6231 | D:4      | Learned a level 2 spell: Blink
  6260 | D:5      | Entered Level 5 of the Dungeon
  6312 | D:5      | Noticed Blork the orc
  6331 | D:5      | Killed Blork the orc
  6729 | D:5      | Found an ornate altar of the Wu Jian Council.
  6774 | D:5      | Became a worshipper of the Wu Jian Council
  6980 | D:5      | Found a staircase to the Ecumenical Temple.
  7369 | D:6      | Reached skill level 1 in Conjurations
  7428 | D:6      | Noticed Maggie
  7434 | D:6      | Killed Maggie
  7435 | D:6      | Reached skill level 1 in Translocations
  7526 | D:6      | Reached XP level 9. HP: 50/66 MP: 14/14
  7746 | D:6      | Noticed Menkaure
  7756 | D:6      | Killed Menkaure
  7757 | D:6      | Reached skill level 5 in Long Blades
  8367 | D:6      | Acquired 751 gold pieces
  8431 | D:4      | Bought an amulet of regeneration for 420 gold pieces
  8717 | D:7      | Noticed Duvessa
  8780 | D:7      | Killed Duvessa
  8784 | D:7      | Noticed Dowan
  8815 | D:7      | Killed Dowan
  8876 | D:7      | Reached * piety under Wu Jian
  9052 | D:7      | Noticed Prince Ribbit
  9060 | D:7      | Killed Prince Ribbit
  9183 | D:7      | Reached skill level 5 in Fighting
  9183 | D:7      | Reached skill level 5 in Dodging
  9206 | D:7      | Reached skill level 1 in Armour
  9671 | D:8      | Noticed a two-headed ogre
  9676 | D:8      | Killed a two-headed ogre
  9677 | D:8      | Reached XP level 10. HP: 74/74 MP: 16/16
 10535 | D:8      | Found a runed translucent gate.
 10536 | D:8      | Found a runed translucent gate.
 10537 | D:8      | Found a runed translucent gate.
 10539 | D:8      | Noticed Raspi's ghost (novice FoEE)
 10819 | D:9      | Noticed Erolcha
 10904 | D:9      | Noticed Jeremiah
 10905 | D:9      | Killed Erolcha
 10905 | D:9      | Reached ** piety under Wu Jian
 10906 | D:9      | Reached skill level 5 in Spellcasting
 10920 | D:9      | Killed Jeremiah
 10927 | D:9      | Reached skill level 10 in Stealth
 11073 | D:9      | Noticed a two-headed ogre
 11096 | D:8      | Killed a two-headed ogre
 11378 | D:9      | Reached XP level 11. HP: 81/81 MP: 18/18
 11730 | D:9      | Found a staircase to the Lair.
 11873 | D:9      | Noticed a two-headed ogre
 11880 | D:9      | Killed a two-headed ogre
 12294 | D:9      | Learned a level 3 spell: Mephitic Cloud
 12303 | D:10     | Entered Level 10 of the Dungeon
 12809 | D:10     | Reached *** piety under Wu Jian
 13504 | D:11     | Noticed a deep elf pyromancer
 13514 | D:11     | Killed a deep elf pyromancer
 13651 | D:11     | Noticed a red ugly thing
 13654 | D:11     | Killed a red ugly thing
 13655 | D:11     | Reached skill level 1 in Alchemy
 13939 | D:11     | Noticed a two-headed ogre
 13947 | D:11     | Killed a two-headed ogre
 13948 | D:11     | Reached skill level 10 in Long Blades
 13948 | D:11     | Reached skill level 1 in Air Magic
 14213 | D:11     | Identified the ring "Qezech" {*Slow rElec Int+4 Dex+6}
 14489 | Lair:1   | Entered Level 1 of the Lair of Beasts
 14489 | Lair:1   | Noticed Amaemon
 14494 | Lair:1   | Killed Amaemon
 14649 | Lair:1   | Reached XP level 12. HP: 89/89 MP: 20/20
 14813 | Lair:1   | You fall into a shaft and drop 1 floor!
 15130 | Lair:1   | Reached skill level 10 in Hexes
 15388 | Lair:2   | Reached **** piety under Wu Jian
 15861 | Lair:2   | Noticed Erica
 15867 | Lair:2   | Killed Erica
 15940 | Lair:2   | Found a staircase to the Shoals.
 16386 | Lair:3   | Found a staircase to the Snake Pit.
 16585 | Lair:3   | Found a dark tunnel.
 16609 | Volcano  | Entered a volcano
 16748 | Volcano  | Noticed a centaur warrior
 16752 | Volcano  | Reached ***** piety under Wu Jian
 16761 | Volcano  | Killed a centaur warrior
 16775 | Volcano  | Reached XP level 13. HP: 76/98 MP: 4/22
 16780 | Volcano  | Found a bloodstained altar of Trog.
 17942 | Lair:4   | Found a viscous altar of Jiyva.
 17942 | Lair:4   | Found a staircase to the Slime Pits.
 17967 | Lair:4   | Reached skill level 5 in Armour
 18873 | Lair:5   | Entered Level 5 of the Lair of Beasts
 19457 | Lair:5   | Reached XP level 14. HP: 109/109 MP: 20/24
 19578 | Lair:5   | Reached skill level 10 in Fighting
 19979 | Lair:5   | Reached skill level 10 in Dodging
 20992 | D:12     | Found Efimeuz's Distillery.
 21002 | D:12     | Bought a potion of mutation for 120 gold pieces
 21002 | D:12     | Bought a potion of resistance for 150 gold pieces
 21081 | D:12     | Found Xutikeag's Jewellery Boutique.
 21148 | D:12     | Found a staircase to the Orcish Mines.
 21184 | D:12     | Reached ****** piety under Wu Jian
 21455 | D:12     | Found Zugeshrargh's Magic Scroll Emporium.
 21460 | D:12     | Bought a scroll of enchant armour for 97 gold pieces
 21517 | D:12     | Found Ifoceipe's Firing Range.
 21530 | D:12     | Acquired a +5 demon blade of draining
 21584 | D:12     | Found Itzoal's Jewellery Emporium.
 21773 | D:12     | Found Zyown's Antique Armour Emporium.
 21935 | Orc:1    | Entered Level 1 of the Orcish Mines
 22164 | Orc:2    | Entered Level 2 of the Orcish Mines
 22186 | Orc:2    | Found Qiahaof's Jewellery Shop.
 22477 | Orc:2    | Identified the +0 kite shield of Indecent Exposure {Int+3}
 22477 | Orc:2    | Noticed Donald
 22483 | Orc:2    | Killed Donald
 22491 | Orc:2    | Found Kurogguz's Antique Weapon Shoppe.
 22886 | Orc:1    | Noticed an orc warlord
 22925 | Orc:2    | Killed an orc warlord
 23122 | Orc:2    | Reached XP level 15. HP: 65/116 MP: 20/25
 23355 | Orc:1    | Noticed Fannar
 23359 | Orc:1    | Noticed Nergalle
 23385 | Orc:1    | Killed Fannar
 23402 | Orc:1    | Killed Nergalle
 23772 | Orc:1    | Paralysed by an orc sorcerer for 5 turns
 24073 | Orc:2    | Found Wayrueni's General Store.
 24389 | Orc:2    | Found a staircase to the Elven Halls.
 24399 | Orc:2    | Found Ugeimuoff's Antique Armour Shoppe.
 24782 | Orc:2    | Found Runloaw's Antique Armour Shop.
 24788 | Orc:2    | Bought a pair of runed gloves for 202 gold pieces
 24958 | Orc:2    | Bought a shimmering ring mail for 243 gold pieces
 24958 | Orc:2    | Identified the +0 ring mail of Orchid {Rampage rC+ rN+
                  | Int-2} (You bought it in a shop on level 2 of the Orcish
                  | Mines)
 25007 | Orc:2    | Bought a translucent short sword for 168 gold pieces
 25007 | Orc:2    | Identified the +1 short sword of the Vestibule of Hell
                  | {spect, rF+ Int+5} (You bought it in a shop on level 2 of
                  | the Orcish Mines)
 25084 | D:12     | Bought a scroll of vulnerability for 52 gold pieces
 25084 | D:12     | Bought a scroll of revelation for 97 gold pieces
 25084 | D:12     | Bought a scroll of revelation for 97 gold pieces
 25084 | D:12     | Bought a scroll of teleportation for 39 gold pieces
 25084 | D:12     | Bought a scroll of fog for 52 gold pieces
 25117 | D:12     | Bought a potion of mutation for 120 gold pieces
 25117 | D:12     | Bought a potion of curing for 45 gold pieces
 25117 | D:12     | Bought a potion of invisibility for 120 gold pieces
 25206 | Orc:2    | Bought a throwing net for 39 gold pieces
 25282 | D:13     | Noticed Lodul
 25282 | D:13     | Found a gate to the Vaults.
 25494 | D:12     | Reached skill level 5 in Evocations
 25978 | D:12     | Killed Lodul
 26228 | D:13     | Noticed Azrael
 26268 | D:13     | Killed from afar by Azrael

Illustrated notes

Levels and vault maps discovered:
D:1:      tarquinn_simple_flora_water_c, layout_loops_ring,
          dreamdust_ecumenical_altar_hidden_monk_grotto
D:2:      kb_forest_paths, layout_basic
D:3:      minmay_door_path, layout_basic, zin_scriptorium, uniq_sigmund,
          uniq_natasha, uniq_crazy_yiuf_cottage, uniq_robin
D:4:      layout_gridville, minitemple, gup_sewer_entry_spiral, serial_shops,
          nicolae_shop_behind_doors, st_stairs_6, minmay_door_square,
          uniq_eustachio
D:5:      wander_river, layout_loops_corners, mainiacjoe_overflow_tiny_flanked,
          minmay_temple_entry_slanted, uniq_blork_the_orc
D:6:      layout_loops_ring, nicolae_lava_and_water, uniq_menkaure, uniq_maggie
D:7:      layout_cave_pools, minmay_fractal_squares_5, uniq_duvessa,
          uniq_prince_ribbit1
D:8:      layout_basic, biasface_ghost_orc_armoury, nicolae_tricolors
D:9:      layout_rooms, hellmonk_lair_entry_icy, uniq_jeremiah, uniq_erolcha
D:10:     layout_loops_ring, mainiacjoe_overflow_chevrons
D:11:     layout_loops_corners
D:12:     layout_roguey, david_orc_5, serial_shops, nicolae_shop_waterfront,
          kennysheep_mini, nicolae_inconvenience_store, shop,
          nicolae_shop_tiny_statue_garden, nicolae_shop_firing_range
D:13:     layout_cave_pools, david_vaults_3, muffindrake_ghost_dual_entry,
          uniq_jorgrun, uniq_lodul, uniq_azrael
Lair:1:   layout_long_grid, st_stairs_12, chequers_serial_rivers_micro_c,
          uniq_amaemon
Lair:2:   layout_gridlike, minmay_shoals_entry_lonely_mermaid,
          grunt_megastairs_3, uniq_erica
Lair:3:   layout_regular_city, minmay_snake_entry_guardpost_medium,
          enter_volcano_3, grunt_megastairs_4
Lair:4:   layout_roguey, dpeg_slime_entry_enclosed, minivault_23,
          infiniplex_staircase_pool
Lair:5:   evilmike_catoblepas_cave, layout_cave_pods, st_stairs_3,
          chequers_serial_rivers_micro_d, serial_bayou_pond_a, lemuel_fruit_tree
Orc:1:    layout_diamond_mine, elf_legates, uniq_fannar, uniq_nergalle
Orc:2:    grunt_orc_gardens, layout_diamond_mine, grunt_orc_garden,
          grunt_orc_garden, grunt_orc_garden, grunt_orc_garden, serial_shops,
          shop, nicolae_orc_seminary, uniq_donald

Skill      XL: |  1  2  3  4  5  6  7  8  9 10 11 12 13 14 15 |
---------------+----------------------------------------------+-----
Long Blades    | 1 2 3 4 6 9 10 11 13 | 13.8
Fighting       | 1 2 3 4 5 6 7 9 10 | 10.9
Stealth        | 5 6 7 8 10 11 12 13 | 13.1
Short Blades   | 2 3 |  3.8
Ice Magic      | 1 2 |  2.0
Hexes          | 5 6 7 8 9 11 12 | 12.9
Dodging        | 3 4 5 6 7 8 10 | 10.6
Spellcasting   | 3 4 5 6 7 |  7.7
Evocations     | 1 2 3 4 5 |  5.1
Conjurations   | 1 2 3 4 |  4.0
Translocations | 1 2 3 4 |  4.9
Armour         | 1 3 4 5 6 |  6.6
Alchemy        | 1 2 3 4 |  4.0
Air Magic      | 1 2 |  2.0

Action                     |  1- 3 |  4- 6 |  7- 9 | 10-12 | 13-15 || total
---------------------------+-------+-------+-------+-------+-------++-------
  Melee: Dagger            |    75 |   153 |   321 |   420 |   684 ||  1653
         Bite              |    10 |    15 |    35 |    51 |    83 ||   194
         Punch             |       |     1 |     1 |     4 |       ||     6
         Scimitar          |       |       |       |       |    10 ||    10
         Demon blade       |       |       |       |       |    27 ||    27
   Cast: Ensorcelled Hiber |     9 |    36 |   100 |   118 |   292 ||   555
         Confusing Touch   |       |     1 |    14 |    34 |    20 ||    69
         Tukima's Dance    |       |       |       |    16 |    13 ||    29
         Dazzling Flash    |       |       |       |     4 |    27 ||    31
         Blink             |       |       |       |       |     2 ||     2
Ability: Lunge             |       |       |    19 |    59 |    86 ||   164
         Whirlwind         |       |       |     1 |     9 |    34 ||    44
  Evoke: Wand              |       |       |       |       |     1 ||     1
         Condenser vane    |       |       |       |       |     1 ||     1
    Use: Scroll            |     2 |    10 |    10 |     7 |     5 ||    34
         Potion            |       |       |     1 |       |     2 ||     3
   Stab: Sleeping          |     9 |    21 |    88 |   117 |   232 ||   467
         Distracted        |       |     1 |     1 |       |       ||     2
         Confused          |       |       |    10 |    23 |    22 ||    55
         Invisible         |       |       |     1 |     4 |    36 ||    41
         Petrified         |       |       |       |       |     2 ||     2
 Armour: Robe              |    34 |    75 |    96 |       |       ||   205
         Steam dragon scal |       |       |    72 |   146 |   352 ||   570
  Dodge: Dodged            |    42 |    84 |   222 |   295 |   597 ||  1240
  Block: Buckler           |       |       |       |       |   197 ||   197

Table legend: (Time is in decaauts)
 A = Elapsed time spent in this place.
 B = Non-inter-level travel time spent in this place.
 C = Inter-level travel time spent in this place.
 D = Time resting spent in this place.
 E = Time spent auto-exploring this place.
 F = Levels seen in this place.
 G = Mean time per level.
                   A        B        C        D        E       F      G
               +--------+--------+--------+--------+--------+-----+--------+
         Total |  26173 |  24726 |   1447 |   4850 |  14713 |  22 | 1189.7 |
       Dungeon |  15418 |  14483 |    935 |   2908 |   8815 |  13 | 1186.0 |
          Lair |   6091 |   5860 |    231 |    596 |   4225 |   5 | 1218.2 |
  Orcish Mines |   3117 |   2837 |    280 |   1202 |    909 |   2 | 1558.5 |
         Sewer |   1307 |   1307 |      0 |    100 |    756 |   1 | 1307.0 |
       Volcano |    238 |    238 |      0 |     44 |      8 |   1 |  238.0 |
               +--------+--------+--------+--------+--------+-----+--------+

Top non-repeatable levels by time:
   Orc:2: 2146 daAuts
     D:3: 2009 daAuts
  Lair:5: 1910 daAuts
    D:12: 1823 daAuts
     D:8: 1645 daAuts
     D:9: 1347 daAuts
   Sewer: 1307 daAuts
     D:4: 1246 daAuts
    D:11: 1211 daAuts
  Lair:3: 1189 daAuts
  Lair:4: 1186 daAuts
     D:5: 1132 daAuts
     D:1: 1092 daAuts
     D:2: 1079 daAuts
     D:6: 1079 daAuts
